 Dungeon Crawl Stone Soup version 0.31-a0-246-g8cbcc1cb85 (webtiles) character file.

Game seed: 3019140531330390817

376 cforsyth the Trooper (level 6, -1/68 HPs)
             Began as an Ogre Shapeshifter on July 12, 2023.
             Slain by a kobold brigand
             ... wielding a +0 short sword
              (5 damage)
             ... in a sewer.
             The game lasted 00:05:15 (2630 turns).

cforsyth the Trooper (Ogre Shapeshifter)            Turns: 2630, Time: 00:05:16

Health: -1/68      AC:  3    Str: 22    XL:     6   Next: 73%
Magic:  6/6        EV: 10    Int:  9    God:
Gold:   223        SH:  0    Dex: 15    Spells: 5/5 levels left

rFire   . .          .
                       - Unarmed
rCold   . . .        (no shield)
rNeg    . . .        a - +0 animal skin
rPois   .            (helmet currently unavailable)
rElec   .            (cloak currently unavailable)
rCorr   .            (gloves unavailable)
SInv    .            (boots unavailable)
Will    .....        e - amulet of regeneration
Stlth   +            f - +6 ring of dexterity
HPRegen 1.11/turn    (no ring)
MPRegen 0.10/turn

%: no passive effects
@: beast-form, slowed, studying Fighting, very slow
A: beast (slay +2), large, unfitting armour, tough skin 1
a: no special abilities


You were in a sewer.
You were a hulking beast.
You visited 1 branch of the dungeon, and saw 4 of its levels.
You also visited: Sewer.

You collected 223 gold pieces.

Inventory:

Armour
 a - a +0 animal skin (worn)
Jewellery
 e - an amulet of regeneration (around neck)
 f - a +6 ring of dexterity (left hand)
Talismans
 c - a beast talisman
Scrolls
 h - 2 scrolls of teleportation
 j - a scroll of enchant weapon {unknown}
 m - a scroll of amnesia {unknown}
 n - a scroll of enchant armour {unknown}
 o - a scroll of fog {unknown}
Potions
 b - a potion of lignification
 d - a potion of invisibility
 g - 2 potions of magic
 i - 2 potions of attraction
 k - 2 potions of haste
 l - a potion of degeneration


   Skills:
 + Level 6.3 Fighting
 - Level 1.7 Dodging
 + Level 5.6 Unarmed Combat
 - Level 3.0 Shapeshifting


You had 5 spell levels left.
You didn't know any spells.
Your spell library was empty.

Dungeon Overview and Level Annotations

Branches:
Dungeon (4/15)              Sewer (1/1)
 Temple: D:4-7

Altars:


Innate Abilities, Weirdness & Mutations

You are a hulking beast.
Your limbs bulge with bestial killing power. (Slay +2)
You are too large for most types of armour.
You have tough skin. (AC +1)


Message History

Your Fighting skill increases to level 6!
You closely miss the kobold.
The kobold brigand hits you with a +0 short sword.
The kobold splashes around in the water.
Press: ? - help, v - describe, . - travel, g - get item
Here: a kobold, wielding a +0 short sword and quivering stones Item here: a jackal corpse.
Some shallow water.
Unknown command.
You hit the kobold brigand but do no damage.
The kobold brigand hits you with a +0 short sword.
* * * LOW HITPOINT WARNING * * *
The kobold barely misses you.
The kobold brigand hits you with a +0 short sword.
* * * LOW HITPOINT WARNING * * *
The kobold closely misses you.
You punch the kobold brigand!
The kobold brigand is moderately wounded.
The kobold brigand hits you with a +0 short sword.
* * * LOW HITPOINT WARNING * * *
The kobold barely misses you.
You punch the kobold brigand!
The kobold brigand is heavily wounded.
The kobold brigand hits you with a +0 short sword.
* * * LOW HITPOINT WARNING * * *
The kobold splashes around in the water.
You barely miss the kobold brigand.
The kobold brigand is heavily wounded.
The kobold brigand hits you with a +0 short sword!
* * * LOW HITPOINT WARNING * * *
The kobold hits you with a +0 short sword.
* * * LOW HITPOINT WARNING * * *
The kobold brigand hits you with a +0 short sword.
* * * LOW HITPOINT WARNING * * *
You hit the kobold brigand. You punch the kobold brigand.
The kobold brigand is severely wounded.
The kobold hits you with a +0 short sword.
* * * LOW HITPOINT WARNING * * *
The kobold brigand hits you with a +0 short sword.
You die...

####.#### #.~~~...#
#~.~~~~.# #~~≈≈≈~~#
#~~≈≈≈~~# #~~≈≈≈~.#
#~)~≈~~.# #KK~≈~~.#
################h)~≈K..#
~~~~~~~~~~~~~~~~~~~≈~.~#
################..~≈~~.#
##~~≈~~## #.~≈~.#
#.≈≈~.### #.~≈~..∩#
#.~≈~.### #.~≈~.#


You could see a kobold brigand and 2 kobolds.

Vanquished Creatures
  A kobold brigand (Sewer)
  2 scorpions (D:4)
  Terence (D:3)
  3 river rats (Sewer)
  4 adders
  An adder zombie (D:3)
  2 adder skeletons (D:3)
  A worm (D:3)
  A dart slug (D:1)
  An orc (D:4)
  13 ball pythons
  6 endoplasms
  2 giant cockroaches (D:2)
  5 goblins
  13 hobgoblins
  4 jackals
  7 kobolds
  3 quokkas
  A ball python skeleton (D:3)
  6 bats
  6 frilled lizards
  A jackal skeleton (D:3)
  12 rats
96 creatures vanquished.

Notes
Turn   | Place    | Note
-------+----------+-------------------------------------------
     0 | D:1      | cforsyth the Ogre Shapeshifter began the quest for the Orb.
     0 | D:1      | Reached XP level 1. HP: 22/22 MP: 1/1
   204 | D:1      | Reached XP level 2. HP: 29/29 MP: 2/2
   426 | D:1      | Found a faded altar of an unknown god.
   461 | D:1      | Reached XP level 3. HP: 36/36 MP: 3/3
  1196 | D:2      | Reached XP level 4. HP: 36/44 MP: 4/4
  1590 | D:3      | Noticed Terence
  1601 | D:3      | Killed Terence
  1602 | D:3      | Reached XP level 5. HP: 31/50 MP: 5/5
  2085 | D:4      | Identified a scroll of acquirement
  2086 | D:4      | Acquired a manual of Fighting
  2247 | D:4      | Reached skill level 4 in Fighting
  2247 | D:4      | Reached skill level 5 in Unarmed Combat
  2418 | D:4      | Reached skill level 5 in Fighting
  2418 | D:4      | Reached XP level 6. HP: 26/66 MP: 6/6
  2512 | D:4      | Found a glowing drain.
  2520 | Sewer    | Entered a sewer
  2625 | Sewer    | Reached skill level 6 in Fighting
  2630 | Sewer    | Slain by a kobold brigand

Illustrated notes

Levels and vault maps discovered:
D:1:      heliophobic_arrival_ceremonial_halls, layout_rooms,
          chequers_ecumenical_altar_grove, chequers_jeans
D:2:      layout_rooms, columned_hall_lemuel
D:3:      layout_basic, serial_undead, serial_undead_b, serial_undead_a,
          serial_undead_b, serial_undead_f, serial_undead_c, uniq_terence
D:4:      minmay_chambers_of_threes, layout_rooms, temple_hall,
          cheibrodos_sewer_entry_bend, minmay_circle_x
Sewer:    sewer_kobolds

Skill      XL: |  1  2  3  4  5  6 |
---------------+-------------------+-----
Unarmed Combat | 2 3 4 5 |  5.6
Fighting       | 5 6 |  6.3
Dodging        | |  1.7
Shapeshifting  | |  3.0

Action                     |  1- 3 |  4- 6 || total
---------------------------+-------+-------++-------
  Melee: Unarmed           |    88 |   154 ||   242
         Punch             |     3 |     8 ||    11
    Use: Scroll            |       |     8 ||     8
   Stab: Sleeping          |     1 |       ||     1
 Armour: Animal skin       |    31 |    27 ||    58
  Dodge: Dodged            |    45 |    73 ||   118

Table legend: (Time is in decaauts)
 A = Elapsed time spent in this place.
 B = Non-inter-level travel time spent in this place.
 C = Inter-level travel time spent in this place.
 D = Time resting spent in this place.
 E = Time spent auto-exploring this place.
 F = Levels seen in this place.
 G = Mean time per level.
                   A        B        C        D        E       F      G
               +--------+--------+--------+--------+--------+-----+--------+
         Total |   2617 |   2563 |     54 |      0 |   1983 |   5 |  523.4 |
       Dungeon |   2503 |   2449 |     54 |      0 |   1934 |   4 |  625.8 |
         Sewer |    114 |    114 |      0 |      0 |     49 |   1 |  114.0 |
               +--------+--------+--------+--------+--------+-----+--------+

Top non-repeatable levels by time:
     D:3: 806 daAuts
     D:1: 655 daAuts
     D:2: 597 daAuts
     D:4: 444 daAuts
   Sewer: 114 daAuts
